[ AOE2 MATCH · #507140643 ]
UnrankedJapanese vs Vikings
Player's team · WIN
Rival team · LOSS
[ REPLAY ANALYSIS · EXTRACTED FROM THE RECORDED GAME ]
Feudal
8:51
Castle
25:10
Imperial
—
| APM avg | 95.4 |
| APM peak | 141 |
| eAPM avg | 39.6 |
| Villagers / military | 79 / 45 |
Focus
⚔️ 46.2% · 🌾 53.8%
Archer ×32 · Militia ×7 · Mangonel ×6
Feudal
10:39
Castle
—
Imperial
—
| APM avg | 32.6 |
| APM peak | 65 |
| eAPM avg | 18.6 |
| Villagers / military | 68 / 7 |
Focus
⚔️ 26.8% · 🌾 73.2%
Militia ×7
Match map
Initial resources + every placement click. Lines = walls · curves = elevation contours. ◆ gold · ⬟ stone · ● berries · ✦ relic · ◌ wall gap
Your base· ✓ Closed at 25:10 · 8t walls · 4 gate(s)
Kaze's base· ✓ Closed at 12:00 · 9t walls · 4 gate(s)
Smoothed initial terrain · ◌ = detected wall gap · hover for details
Inputs per minute
— MegaFish - - Kaze
Build order — MegaFish
First 150 of 209 actions detected
| 0:01 | Queue | Villager (Male) |
| 0:01 | Queue | Villager (Male) |
| 0:01 | Queue | Villager (Male) |
| 0:01 | Queue | Villager (Male) |
| 0:02 | Queue | Villager (Male) |
| 0:02 | Build | House |
| 0:03 | Build | House |
| 1:29 | Queue | Villager (Male) |
| 1:30 | Queue | Villager (Male) |
| 1:46 | Build | Lumber Camp |
| 1:55 | Queue | Villager (Male) |
| 1:55 | Queue | Villager (Male) |
| 2:11 | Queue | Villager (Male) |
| 2:11 | Queue | Villager (Male) |
| 2:39 | Queue | Villager (Male) |
| 2:40 | Queue | Villager (Male) |
| 2:40 | Queue | Villager (Male) |
| 2:59 | Queue | Villager (Male) |
| 3:26 | Queue | Villager (Male) |
| 3:49 | Build | House |
| 4:08 | Queue | Villager (Male) |
| 4:30 | Build | House |
| 4:32 | Queue | Villager (Male) |
| 4:55 | Queue | Villager (Male) |
| 5:06 | Build | Barracks |
| 5:24 | Queue | Villager (Male) |
| 5:28 | Queue | Villager (Male) |
| 6:12 | Research | Loom |
| 6:38 | Research | Feudal Age |
| 6:56 | Queue | Militia |
| 6:56 | Queue | Militia |
| 6:56 | Queue | Militia |
| 6:57 | Queue | Militia |
| 7:15 | Queue | Militia |
| 7:30 | Queue | Militia |
| 7:31 | Queue | Militia |
| 8:13 | Build | Mining Camp |
| 8:21 | Build | House |
| 8:51 | Age | Feudal Age |
| 8:54 | Research | Man-at-Arms (upgrade) |
| 8:54 | Research | Man-at-Arms (upgrade) |
| 8:57 | Queue | Villager (Male) |
| 8:58 | Queue | Villager (Male) |
| 8:58 | Queue | Villager (Male) |
| 9:03 | Build | Mill |
| 9:32 | Build | Watch Tower |
| 9:36 | Queue | Villager (Male) |
| 9:40 | Build | Watch Tower |
| 10:06 | Queue | Villager (Male) |
| 10:06 | Queue | Villager (Male) |
| 10:06 | Queue | Villager (Male) |
| 10:06 | Queue | Villager (Male) |
| 10:28 | Build | Watch Tower |
| 10:33 | Queue | Villager (Male) |
| 10:33 | Queue | Villager (Male) |
| 10:33 | Queue | Villager (Male) |
| 10:38 | Build | Archery Range |
| 10:40 | Build | Archery Range |
| 10:53 | Queue | Villager (Male) |
| 11:07 | Build | Farm |
| 11:09 | Build | Farm |
| 11:10 | Build | Farm |
| 11:17 | Queue | Villager (Male) |
| 11:18 | Queue | Villager (Male) |
| 11:18 | Queue | Villager (Male) |
| 11:26 | Build | Farm |
| 11:27 | Build | House |
| 11:59 | Queue | Villager (Male) |
| 11:59 | Queue | Villager (Male) |
| 12:08 | Build | Mining Camp |
| 12:15 | Build | Watch Tower |
| 12:17 | Build | Watch Tower |
| 12:28 | Queue | Villager (Male) |
| 12:57 | Queue | Villager (Male) |
| 13:00 | Build | Farm |
| 13:26 | Queue | Villager (Male) |
| 13:35 | Queue | Villager (Male) |
| 13:35 | Queue | Villager (Male) |
| 13:38 | Queue | Archer |
| 13:38 | Queue | Archer |
| 13:42 | Build | House |
| 13:46 | Build | Farm |
| 13:46 | Build | Farm |
| 13:46 | Build | Farm |
| 13:46 | Build | Farm |
| 13:58 | Queue | Villager (Male) |
| 14:08 | Build | Farm |
| 14:21 | Queue | Archer |
| 14:21 | Queue | Archer |
| 14:22 | Queue | Archer |
| 14:32 | Queue | Villager (Male) |
| 14:39 | Build | Palisade Wall |
| 14:39 | Build | Palisade Wall |
| 14:40 | Build | Palisade Wall |
| 14:47 | Queue | Villager (Male) |
| 14:57 | Build | Palisade Wall |
| 15:08 | Build | Watch Tower |
| 15:08 | Queue | Villager (Male) |
| 15:08 | Queue | Villager (Male) |
| 15:19 | Build | Blacksmith |
| 15:27 | Queue | Archer |
| 15:27 | Queue | Archer |
| 15:28 | Queue | Archer |
| 15:28 | Queue | Villager (Male) |
| 15:33 | Queue | Villager (Male) |
| 15:45 | Queue | Villager (Male) |
| 15:45 | Queue | Villager (Male) |
| 15:52 | Research | Double-Bit Axe |
| 15:52 | Research | Double-Bit Axe |
| 15:57 | Queue | Archer |
| 15:58 | Queue | Archer |
| 16:01 | Queue | Villager (Male) |
| 16:06 | Build | House |
| 16:13 | Research | Fletching |
| 16:13 | Research | Fletching |
| 16:32 | Queue | Archer |
| 16:32 | Queue | Archer |
| 16:40 | Queue | Villager (Male) |
| 16:51 | Queue | Villager (Male) |
| 16:59 | Queue | Archer |
| 16:59 | Queue | Archer |
| 17:00 | Queue | Archer |
| 17:02 | Build | Farm |
| 17:02 | Build | Farm |
| 17:02 | Build | Farm |
| 17:15 | Queue | Villager (Male) |
| 17:16 | Queue | Archer |
| 17:16 | Queue | Archer |
| 17:16 | Queue | Archer |
| 17:29 | Queue | Villager (Male) |
| 17:36 | Queue | Archer |
| 17:36 | Queue | Archer |
| 17:36 | Queue | Archer |
| 17:58 | Queue | Villager (Male) |
| 18:15 | Build | Watch Tower |
| 18:18 | Research | Town Watch |
| 18:19 | Research | Town Watch |
| 18:23 | Queue | Archer |
| 18:24 | Queue | Villager (Male) |
| 18:26 | Build | Farm |
| 18:27 | Build | Farm |
| 18:27 | Build | Farm |
| 18:27 | Build | Farm |
| 18:28 | Build | Farm |
| 18:50 | Queue | Villager (Male) |
| 18:54 | Build | House |
| 18:55 | Build | Lumber Camp |
| 19:06 | Queue | Villager (Male) |
| 19:11 | Queue | Villager (Male) |
| 19:19 | Queue | Archer |
Build order — Kaze
First 150 of 151 actions detected
| 0:00 | Queue | Villager (Male) |
| 0:00 | Queue | Villager (Male) |
| 0:01 | Queue | Villager (Male) |
| 0:02 | Build | House |
| 0:03 | Build | House |
| 0:08 | Queue | Villager (Male) |
| 0:08 | Queue | Villager (Male) |
| 1:27 | Queue | Villager (Male) |
| 1:52 | Build | Lumber Camp |
| 2:03 | Queue | Villager (Male) |
| 2:18 | Queue | Villager (Male) |
| 2:52 | Queue | Villager (Male) |
| 3:19 | Queue | Villager (Male) |
| 3:42 | Queue | Villager (Male) |
| 3:42 | Queue | Villager (Male) |
| 3:44 | Queue | Villager (Male) |
| 4:05 | Build | House |
| 4:29 | Queue | Villager (Male) |
| 4:29 | Queue | Villager (Male) |
| 4:55 | Queue | Villager (Male) |
| 5:10 | Queue | Villager (Male) |
| 5:11 | Queue | Villager (Male) |
| 5:11 | Queue | Villager (Male) |
| 5:30 | Queue | Villager (Male) |
| 5:37 | Build | Palisade Wall |
| 5:38 | Build | House |
| 6:05 | Queue | Villager (Male) |
| 6:25 | Queue | Villager (Male) |
| 6:28 | Build | Mill |
| 6:43 | Queue | Villager (Male) |
| 7:02 | Queue | Villager (Male) |
| 7:08 | Queue | Villager (Male) |
| 7:28 | Build | Mining Camp |
| 7:38 | Queue | Villager (Male) |
| 7:59 | Queue | Villager (Male) |
| 8:16 | Research | Feudal Age |
| 8:27 | Build | Mining Camp |
| 9:17 | Build | House |
| 9:39 | Build | House |
| 9:39 | Build | House |
| 9:40 | Build | House |
| 10:13 | Build | House |
| 10:18 | Queue | Villager (Male) |
| 10:28 | Build | Mining Camp |
| 10:32 | Build | Farm |
| 10:33 | Build | Farm |
| 10:39 | Age | Feudal Age |
| 10:42 | Build | Stone Wall |
| 10:44 | Build | Stone Wall |
| 10:51 | Build | Gate |
| 10:57 | Queue | Villager (Male) |
| 11:05 | Build | Watch Tower |
| 11:08 | Queue | Villager (Male) |
| 11:22 | Queue | Villager (Male) |
| 11:29 | Research | Double-Bit Axe |
| 11:31 | Build | Farm |
| 11:55 | Queue | Villager (Male) |
| 11:55 | Queue | Villager (Male) |
| 11:57 | Build | Farm |
| 12:10 | Build | Stone Wall |
| 12:16 | Research | Loom |
| 12:31 | Build | Palisade Wall |
| 13:04 | Build | Gate |
| 13:14 | Build | Stone Wall |
| 13:15 | Build | Gate |
| 13:28 | Build | Farm |
| 13:29 | Build | Farm |
| 13:37 | Queue | Villager (Male) |
| 13:37 | Queue | Villager (Male) |
| 13:49 | Queue | Villager (Male) |
| 13:53 | Queue | Villager (Male) |
| 14:09 | Build | House |
| 14:15 | Build | Farm |
| 14:42 | Build | Farm |
| 14:43 | Build | Farm |
| 14:44 | Build | Farm |
| 14:44 | Build | Farm |
| 14:46 | Build | Farm |
| 14:48 | Build | Farm |
| 14:52 | Queue | Villager (Male) |
| 15:02 | Build | Watch Tower |
| 15:07 | Build | Farm |
| 15:17 | Queue | Villager (Male) |
| 15:34 | Build | Farm |
| 15:47 | Build | Watch Tower |
| 15:52 | Queue | Villager (Male) |
| 15:54 | Build | Blacksmith |
| 16:36 | Build | Farm |
| 16:42 | Research | Padded Archer Armor |
| 16:45 | Build | Stone Wall |
| 16:53 | Queue | Villager (Male) |
| 17:06 | Build | Stone Wall |
| 17:07 | Queue | Villager (Male) |
| 17:08 | Queue | Villager (Male) |
| 17:32 | Research | Fletching |
| 17:42 | Queue | Villager (Male) |
| 17:43 | Queue | Villager (Male) |
| 18:01 | Queue | Villager (Male) |
| 18:18 | Queue | Villager (Male) |
| 18:30 | Build | Palisade Wall |
| 18:31 | Build | Palisade Gate |
| 18:34 | Build | Palisade Wall |
| 18:50 | Build | Farm |
| 18:58 | Queue | Villager (Male) |
| 18:58 | Queue | Villager (Male) |
| 19:02 | Queue | Villager (Male) |
| 19:30 | Build | Farm |
| 19:34 | Build | Market |
| 19:52 | Build | Barracks |
| 20:21 | Queue | Villager (Male) |
| 20:27 | Build | Mining Camp |
| 20:45 | Build | Watch Tower |
| 20:50 | Queue | Villager (Male) |
| 20:50 | Queue | Villager (Male) |
| 21:29 | Build | Mining Camp |
| 22:26 | Build | Watch Tower |
| 22:29 | Queue | Villager (Male) |
| 22:30 | Queue | Villager (Male) |
| 22:30 | Queue | Villager (Male) |
| 22:55 | Queue | Villager (Male) |
| 23:01 | Queue | Villager (Male) |
| 23:18 | Queue | Villager (Male) |
| 23:26 | Queue | Villager (Male) |
| 23:48 | Build | House |
| 23:58 | Build | Palisade Wall |
| 24:00 | Build | Palisade Wall |
| 24:04 | Queue | Villager (Male) |
| 24:09 | Build | Watch Tower |
| 24:19 | Queue | Villager (Male) |
| 24:46 | Queue | Villager (Male) |
| 24:46 | Queue | Villager (Male) |
| 24:53 | Queue | Villager (Male) |
| 25:08 | Build | House |
| 25:08 | Build | House |
| 25:31 | Research | Man-at-Arms (upgrade) |
| 25:32 | Queue | Militia |
| 25:32 | Queue | Militia |
| 25:35 | Build | Barracks |
| 25:47 | Build | Mill |
| 26:02 | Research | Scale Mail Armor |
| 26:07 | Queue | Militia |
| 26:07 | Queue | Militia |
| 26:12 | Queue | Villager (Male) |
| 26:24 | Queue | Villager (Male) |
| 26:37 | Build | Farm |
| 26:42 | Build | Farm |
| 26:43 | Build | Farm |
| 27:00 | Queue | Militia |
| 27:01 | Queue | Militia |
| 27:01 | Queue | Militia |
Match timeline
| 5:06 | MegaFish · first_building Barracks |
| 5:37 | Kaze · wall_segment Palisade Wall x1 |
| 8:51 | MegaFish · age_up feudal |
| 10:38 | MegaFish · first_building Archery Range |
| 10:39 | Kaze · age_up feudal |
| 10:42 | Kaze · wall_segment Stone Wall x3 |
| 10:44 | Kaze · wall_segment Stone Wall x5 |
| 12:10 | Kaze · wall_segment Stone Wall x9 |
| 12:31 | Kaze · wall_segment Palisade Wall x1 |
| 13:14 | Kaze · wall_segment Stone Wall x2 |
| 14:39 | MegaFish · wall_segment Palisade Wall x3 |
| 14:39 | MegaFish · wall_segment Palisade Wall x3 |
| 14:40 | MegaFish · wall_segment Palisade Wall x3 |
| 14:57 | MegaFish · wall_segment Palisade Wall x1 |
| 16:45 | Kaze · wall_segment Stone Wall x4 |
| 17:06 | Kaze · wall_segment Stone Wall x1 |
| 18:30 | Kaze · wall_segment Palisade Wall x4 |
| 18:34 | Kaze · wall_segment Palisade Wall x1 |
| 19:52 | Kaze · first_building Barracks |
| 20:34 | Kaze · first_market_sell 100 wood |
| 20:35 | Kaze · first_market_buy 100 stone |
| 22:27 | MegaFish · first_market_buy 100 food |
| 23:58 | Kaze · wall_segment Palisade Wall x1 |
| 24:00 | Kaze · wall_segment Palisade Wall x1 |
| 25:10 | MegaFish · age_up castle |
| 25:13 | MegaFish · first_building Siege Workshop |
| 28:08 | Kaze · resign |
[ AI ANALYSIS · 1 CREDIT ]
What really happened in this match?
Wolo.gg analyzes every decision: build order, eco, micro, common mistakes by bracket. Personalized analysis on WhatsApp or Discord in 30 seconds.
Civ guide
Japanese
Perfil
Jugador #8578467